Map: Arctic Dream LE

Players

Ventru

  • Race: Zerg Zerg
  • Spawn Location: 5:00

Seth

  • Race: Terran Terran
  • League: Platinum
  • Spawn Location: 6:00

qqq - Winner!

  • Race: Zerg Zerg
  • League: Platinum
  • Spawn Location: 12:00

Massa - Winner!

  • Race: Terran Terran
  • League: Platinum
  • Spawn Location: 11:00

VOD

Have the link to the VOD?

Description

Time

  • Played on: Jan. 9, 2021, 6 a.m.
  • Length: 9:04
Show
View Real Time Build Order
Export as new Build Order

Ventru Zerg 

Build Orders: Pool First 

Get SALT Encoding   

  12  0:01  Drone  
  13  0:08  Drone  
  14  0:16  Overlord  
  14  0:36  Drone x3  
  17  0:47  Spawning Pool  
  17  0:49  Drone  
  17  0:58  Drone  
  18  1:15  Hatchery  
  17  1:20  Extractor  
  17  1:24  Drone x2  
  18  1:34  Extractor  
  18  1:35  Queen  
  18  1:37  Drone  
  20  2:00  Drone  
  20  2:01  Drone  
  22  2:08  Overlord  
  22  2:21  Overlord  
  22  2:24  Lair  
  22  2:28  Drone  
  22  2:29  Queen  
  25  2:39  Drone  
  25  2:40  Drone  
  27  2:52  Drone  
  27  2:53  Drone x3  
  27  2:57  Drone x2  
  33  3:02  Extractor  
  32  3:15  Extractor  
  32  3:16  Drone x2  
  33  3:26  Spire  
  32  3:35  Drone  
  33  3:42  Spire  
  33  3:44  Drone x2  
  34  3:49  Drone x5  
  39  3:57  Drone  
  40  4:07  Spine Crawler  
  39  4:12  Spine Crawler  
  39  4:16  Spore Crawler  
  37  4:18  Drone x3  
  40  4:26  Drone x4  
  40  4:29  Overlord  
  40  4:30  Overlord  
  44  4:48  Mutalisk  
  44  4:49  Mutalisk  
  48  4:53  Mutalisk x3  
  54  5:01  Mutalisk x3  
  35  5:27  Mutalisk x2  
  39  5:33  Drone x4  
  43  5:49  Drone x2  
  46  5:50  Drone x2  
  47  6:11  Drone x2  
  49  6:20  Spine Crawler  
  49  6:21  Spine Crawler  
  43  6:44  Mutalisk x3  
  49  7:08  Mutalisk  
  49  7:09  Mutalisk  
  34  7:25  Drone  
  34  7:26  Drone x4  
  39  7:36  Drone x3  
  42  7:46  Queen  
  42  7:47  Extractor, Drone  
  44  8:11  Drone x3  
  47  8:14  Drone  
  47  8:15  Drone  
Show
View Real Time Build Order
Export as new Build Order

Seth Terran 

Build Orders:  

Get SALT Encoding   

  12  0:00  SCV  
  13  0:14  Supply Depot  
  13  0:19  SCV  
  14  0:31  SCV  
  15  0:37  Barracks  
  15  0:43  SCV  
  16  0:55  SCV  
  17  1:07  SCV  
  17  1:11  Refinery  
  18  1:19  SCV  
  18  1:24  Marine  
  18  1:25  Supply Depot  
  20  1:30  Refinery  
  20  1:31  SCV  
  21  1:43  SCV  
  21  1:45  Marine  
  23  1:58  Orbital Command  
  23  2:06  Command Center  
  23  2:09  Marine  
  24  2:19  Factory  
  24  2:24  SCV  
  24  2:28  Marine  
  26  2:36  SCV  
  27  2:45  Marine  
  28  2:51  SCV  
  29  3:02  Supply Depot  
  29  3:11  Factory Tech Lab  
  29  3:14  Starport  
  29  3:24  Supply Depot  
  29  3:34  Hellion  
  31  3:41  Command Center  
  31  3:49  Engineering Bay  
  31  3:52  Starport Tech Lab  
  31  3:56  SCV  
  31  3:59  Fusion Core  
  31  4:01  SCV  
  33  4:15  Hellion  
  33  4:16  SCV  
  36  4:26  Missile Turret  
  36  4:28  SCV  
  37  4:36  Refinery  
  27  4:54  Siege Tank  
  30  5:01  Battlecruiser  
  26  5:39  Supply Depot  
  18  5:55  Orbital Command  
  8  5:59  SCV  
  9  6:11  SCV  
  10  6:23  SCV  
  11  6:31  Starport Tech Lab  
  11  6:34  SCV  
  11  6:35  SCV  
  13  6:47  SCV  
  13  6:48  Orbital Command  
  13  7:00  SCV  
  14  7:12  SCV  
  14  7:24  SCV  
  13  7:36  SCV, Battlecruiser  
  20  7:37  SCV  
  21  7:48  SCV  
  21  7:49  SCV  
  20  8:02  SCV x3  
  23  8:14  SCV x2  
  25  8:21  Barracks  
  25  8:22  Factory Tech Lab  
  25  8:30  SCV x3  
  28  8:49  Supply Depot  
  28  8:52  Supply Depot  
Show
View Real Time Build Order
Export as new Build Order

qqq Zerg - Winner!

Build Orders: Hatch First 

Get SALT Encoding   

  12  0:00  Drone  
  13  0:10  Drone  
  14  0:18  Overlord  
  14  0:47  Hatchery  
  13  0:54  Drone  
  13  0:55  Drone  
  13  0:56  Drone  
  16  1:06  Drone  
  17  1:25  Spawning Pool  
  16  1:32  Drone x2  
  18  1:39  Drone  
  19  1:50  Extractor  
  18  2:03  Drone x2  
  18  2:04  Drone  
  21  2:13  Drone  
  21  2:14  Queen  
  21  2:15  Queen  
  24  2:18  Zergling x2  
  28  2:22  Drone  
  28  2:26  Overlord  
  28  2:32  Spine Crawler  
  28  2:34  Zergling x2  
  28  2:51  Drone, Zergling x2  
  30  2:52  Zergling x2  
  30  2:56  Metabolic Boost  
  31  3:02  Zergling x2  
  32  3:05  Zergling x2  
  32  3:06  Zergling x2  
  34  3:13  Overlord  
  34  3:14  Overlord  
  34  3:21  Baneling Nest  
  33  3:29  Overlord  
  33  3:31  Zergling x4  
  33  3:32  Zergling x2  
  33  3:33  Drone  
  33  3:34  Drone x3  
  40  3:43  Drone  
  40  3:46  Zergling x2  
  40  3:47  Zergling x2  
  43  3:55  Zergling x2  
  44  4:06  Baneling x5  
  44  4:08  Baneling  
  44  4:14  Drone  
  44  4:15  Drone, Roach Warren  
  45  4:19  Zergling x2  
  45  4:20  Drone, Zergling x2  
  45  4:21  Zergling x4  
  50  4:29  Zergling x2  
  50  4:47  Zergling x2  
  50  4:48  Overlord x2  
  43  5:22  Lair  
  43  5:25  Spore Crawler  
  43  5:27  Queen, Spore Crawler  
  39  5:30  Drone x2, Zergling x6  
  39  5:31  Zergling x2  
  39  5:32  Zergling x4  
  44  5:40  Zergling x2  
  43  5:53  Spore Crawler  
  42  6:02  Zergling x2  
  42  6:03  Zergling x2  
  42  6:04  Zergling x4  
  45  6:06  Drone  
  45  6:07  Extractor  
  45  6:10  Spore Crawler  
  45  6:11  Hatchery  
  43  6:12  Drone  
  43  6:14  Spore Crawler  
  43  6:16  Queen  
  45  6:28  Zergling x2  
  46  6:35  Queen  
  48  6:41  Hydralisk Den  
  47  6:51  Queen  
  49  7:09  Zergling x6  
  49  7:10  Drone x3  
  49  7:11  Drone x2  
  49  7:13  Hatchery  
  54  7:18  Muscular Augments  
  54  7:23  Drone  
  55  7:33  Drone x2  
  55  7:34  Hydralisk  
  59  7:52  Drone  
  59  7:55  Overlord x2  
  60  8:04  Overlord  
  60  8:12  Queen  
  62  8:30  Hydralisk x4  
  68  8:42  Hatchery  
  68  8:48  Hatchery  
Show
View Real Time Build Order
Export as new Build Order

Massa Terran - Winner!

Build Orders:  

Get SALT Encoding   

  12  0:00  SCV  
  13  0:12  SCV  
  14  0:17  Supply Depot  
  14  0:24  SCV  
  15  0:38  SCV  
  15  0:40  Barracks  
  16  0:51  SCV  
  17  1:03  SCV  
  18  1:08  Refinery  
  18  1:15  SCV  
  19  1:28  Supply Depot  
  19  1:32  Barracks  
  19  1:33  Orbital Command  
  19  1:38  Barracks  
  19  1:47  Marine  
  20  1:59  SCV  
  21  2:05  Reaper  
  22  2:11  SCV  
  23  2:19  Marine  
  24  2:26  Marine  
  24  2:28  Command Center  
  25  2:37  Marine  
  25  2:39  Marine  
  27  2:47  Barracks Tech Lab, Factory  
  27  2:55  Marine  
  27  2:57  Marine  
  29  3:02  SCV  
  30  3:08  Marine  
  31  3:21  Stimpack  
  31  3:27  Supply Depot  
  31  3:29  Supply Depot  
  31  3:31  Supply Depot  
  31  3:36  Supply Depot  
  31  3:39  Marine x3, Supply Depot  
  31  3:40  Hellion  
  36  3:52  SCV  
  36  3:54  SCV  
  38  3:57  Marauder, Marine x2  
  42  4:10  Hellion  
  42  4:15  Marine x2  
  46  4:17  Orbital Command  
  46  4:19  Marauder  
  48  4:32  Hellion, Marine  
  51  4:40  Marauder  
  53  4:46  Marine  
  53  4:50  Marine  
  55  5:01  Marauder  
  55  5:04  Marine  
  58  5:10  Marine  
  58  5:12  Hellion  
  59  5:22  Marine  
  59  5:23  Marauder  
  60  5:33  Hellion, Marine  
  54  5:39  Marine  
  55  5:44  Marauder  
  53  5:51  Marine  
  53  5:57  Marine  
  54  6:06  Marauder  
  54  6:08  Marine  
  53  6:15  Marine  
  53  6:16  Factory Tech Lab, Engineering Bay  
  47  6:18  SCV  
  47  6:19  SCV  
  45  6:26  Starport, Marine  
  45  6:27  Marauder, Combat Shield  
  48  6:33  Marine  
  49  6:44  Marine  
  50  6:48  Marauder  
  50  6:51  Marine  
  52  6:59  Missile Turret  
  52  7:01  Missile Turret  
  52  7:02  Marine  
  52  7:03  Terran Infantry Weapons Level 1  
  52  7:04  SCV x2  
  55  7:09  Refinery  
  55  7:10  Marauder  
  55  7:11  Refinery  
  55  7:12  Supply Depot  
  56  7:16  SCV x2  
  52  7:28  SCV x2  
  48  7:31  Marauder, Marine x2  
  51  7:49  Marine x2  
  53  7:53  Marauder  
  52  8:02  Concussive Shells  
  52  8:03  Starport Tech Lab  
  55  8:05  Cyclone  
  55  8:09  Marine x2  
  55  8:12  SCV x2  
  59  8:14  Marauder  
  61  8:24  SCV x2, Command Center  
  63  8:27  Marine  
  63  8:28  Missile Turret  
  63  8:34  Missile Turret  
  64  8:35  Marauder  
Tags
 
Add a new tag
Caveats
  • Supply blocks, unpowered buildings, or Contaminate may cause inaccurate times.
  • Supply counts are checked every 10 seconds.